 Dungeon Crawl Stone Soup version 0.30-a0-42-g806c11bf1d (webtiles) character file.

Game seed: 13482882336616907167

7 Destapler the Shield-Bearer (level 1, -1/22 HPs)
             Began as a Troll Fighter on Aug 30, 2022.
             Was a Follower of Jiyva.
             Slain by a gnoll
             ... wielding a +0 halberd
              (7 damage)
             ... on level 2 of the Dungeon.
             The game lasted 00:00:44 (151 turns).

Destapler the Shield-Bearer (Troll Fighter)          Turns: 151, Time: 00:00:44

Health: -1/22      AC:  4    Str: 23    XL:     1   Next: 91%
Magic:  0/0        EV:  8    Int:  4    God:    Jiyva [*.....]
Gold:   9          SH:  7    Dex:  9    Spells: 0/0 levels left

rFire   . . .      SeeInvis .    a - +0 flail
rCold   . . .      Faith    .    c - +0 kite shield
rNeg    . . .      Spirit   .    b - +0 robe
rPois   .          Reflect  .    (helmet restricted)
rElec   .          Harm     .    (no cloak)
rCorr   .          Rampage  .    (gloves unavailable)
Will    .....                    (boots unavailable)
Stlth   +.........               (no amulet)
HPRegen 1.67/turn                (no ring)
MPRegen 0.32/turn                (no ring)

@: no status effects
A: large, unfitting armour, claws 3, regeneration 1, shaggy fur 1, tough skin 1
a: Renounce Religion


You were on level 2 of the Dungeon.
You worshipped Jiyva.
Jiyva was aware of your devotion.
You visited 1 branch of the dungeon, and saw 2 of its levels.

You collected 9 gold pieces.

Inventory:

Hand Weapons
 a - a +0 flail (weapon)
Armour
 b - a +0 robe (worn)
 c - a +0 kite shield (worn)
Scrolls
 e - 3 scrolls of amnesia {unknown}
 h - a scroll of teleportation {unknown}
Potions
 d - a potion of might
 f - a potion of degeneration {unknown}
 g - a potion of curing {unknown}


   Skills:
 + Level 2.5 Fighting
 + Level 2.0 Maces & Flails
 + Level 2.5 Dodging
 + Level 2.8 Shields


You couldn't memorise any spells.
You didn't know any spells.
Your spell library was empty.

Dungeon Overview and Level Annotations

Branches:
Dungeon (1/15)

Altars:
Jiyva


Innate Abilities, Weirdness & Mutations

You are too large for most types of armour.
You have claws for hands.
Your natural rate of healing is unusually fast.
You are covered in fur. (AC +1)
You have tough skin. (AC +1)


Message History

* * * LOW HITPOINT WARNING * * *
You barely miss the gnoll. The gnoll hits you with a +0 halberd!
* * * LOW HITPOINT WARNING * * *
You block the gnoll's attack.
You are too injured to fight recklessly!
You are too injured to fight recklessly!
You are too injured to fight recklessly!
You are too injured to fight recklessly!
You are too injured to fight recklessly!
You are too injured to fight recklessly!
You are too injured to fight recklessly!
You are too injured to fight recklessly!
You are too injured to fight recklessly!
You are too injured to fight recklessly!
You are too injured to fight recklessly!
You are too injured to fight recklessly!
You are too injured to fight recklessly!
You are too injured to fight recklessly!
You are too injured to fight recklessly!
You are too injured to fight recklessly!
You are too injured to fight recklessly!
You are too injured to fight recklessly!
You are too injured to fight recklessly!
You are too injured to fight recklessly!
You are too injured to fight recklessly!
You are too injured to fight recklessly!
You are too injured to fight recklessly!
You are too injured to fight recklessly!
You are too injured to fight recklessly!
You are too injured to fight recklessly!
You are too injured to fight recklessly!
You are too injured to fight recklessly!
You are too injured to fight recklessly!
You are too injured to fight recklessly!
You are too injured to fight recklessly!
Unknown command.
You sock the gnoll!
The gnoll is heavily wounded.
The gnoll hits you with a +0 halberd!
You die...

#...##.......#
.##........#.#.###
....... #.......#
#....# ###.###.#
#....# #.# #.#
#....# #># #.#
###....#####.# #.#
..#..........# #.#
#...#..####### #@#
#..##..### #g#
#........# #g#
#..###.#.# #g#
#[.# #.#.# ..#
...# #.#.# ###
##.# #.#.# #.#
#.#.# #†###.#.#


You could see 3 gnolls.

Vanquished Creatures
  A ball python (D:2)
  A giant cockroach (D:2)
  A goblin (D:2)
  2 frilled lizards (D:2)
  2 kobolds (D:2)
7 creatures vanquished.

Vanquished Creatures (others)
  An endoplasm (D:2)
  A giant cockroach (D:2)
2 creatures vanquished.

Grand Total: 9 creatures vanquished

Notes
Turn   | Place    | Note
-------+----------+-------------------------------------------
     0 | D:1      | Destapler the Troll Fighter began the quest for the Orb.
     0 | D:1      | Reached XP level 1. HP: 22/22 MP: 0/0
    27 | D:1      | You fall into a shaft and drop 1 floor!
    50 | D:2      | Found a faded altar of an unknown god.
    69 | D:2      | Prayed at the altar of an unknown god.
    69 | D:2      | Became a worshipper of Jiyva Jecvuw the Shapeless
    69 | D:2      | Reached * piety under Jiyva
   151 | D:2      | Slain by a gnoll

Illustrated notes

Levels and vault maps discovered:
D:1:      dpeg_arrival_round_b, layout_basic, serial_shops, nicolae_shop_trees,
          nicolae_shop_advertising_works [nicolae_subvault_shop_adworks], shop,
          minmay_misc_feat_nine_boxes
D:2:      layout_loops_ring, dreamdust_ecumenical_altar_statues, basic_altar,
          kennysheep_generic_room_13, uniq_terence

Skill      XL: |  1 |
---------------+----+-----
Maces & Flails | 2 |  2.0
Fighting       | |  2.5
Dodging        | |  2.5
Shields        | |  2.8

Action                   || total
-------------------------++-------
Melee: Flail             ||    36
Armor: Robe              ||    24
Dodge: Dodged            ||    16
Block: Kite shield       ||    17

Table legend: (Time is in decaauts)
 A = Elapsed time spent in this place.
 B = Non-inter-level travel time spent in this place.
 C = Inter-level travel time spent in this place.
 D = Time resting spent in this place.
 E = Time spent auto-exploring this place.
 F = Levels seen in this place.
 G = Mean time per level.
                   A        B        C        D        E       F      G
               +--------+--------+--------+--------+--------+-----+--------+
         Total |    166 |    166 |      0 |      0 |     71 |   2 |   83.0 |
       Dungeon |    166 |    166 |      0 |      0 |     71 |   2 |   83.0 |
               +--------+--------+--------+--------+--------+-----+--------+

Top non-repeatable levels by time:
     D:2: 139 daAuts
     D:1: 27 daAuts
